 Dungeon Crawl Stone Soup version 0.31.0-12-g77e489cdc1 (webtiles) character file.

Game seed: 5499383052822184610

18 lonewolfV2 the Trooper (level 2, 33/33 HPs)
             Began as an Oni Fighter on Feb 14, 2024.
             Got out of the dungeon alive.
             The game lasted 00:01:48 (375 turns).

lonewolfV2 the Trooper (Oni Fighter)                 Turns: 375, Time: 00:01:49

Health: 33/33      AC:  9    Str: 19    XL:     2   Next: 70%
Magic:  2/2        EV:  6    Int:  9    God:
Gold:   29         SH:  7    Dex:  8    Spells: 1/1 levels left

rFire   + + .        a - +0 war axe
rCold   x . .        c - +0 kite shield
rNeg    . . .        f - +0 fire dragon scales
rPois   .            (helmet restricted)
rElec   .            (no cloak)
rCorr   .            (gloves unavailable)
SInv    .            (boots unavailable)
Will    .....        (no amulet) Stlth
                     (no ring)
HPRegen 0.25/turn    (no ring)
MPRegen 0.08/turn

%: no passive effects
@: no status effects
A: large, unfitting armour, horns 1, tough skin 1, double potion healing,
drunken brawling
a: no special abilities


You escaped.
You visited 1 branch of the dungeon, and saw 1 of its levels.

You collected 29 gold pieces.

Inventory:

Hand Weapons
 a - a +0 war axe (weapon)
Armour
 b - a +0 robe
 c - a +0 kite shield (worn)
 f - +0 fire dragon scales (worn)
 j - a +0 pair of boots
Scrolls
 e - a scroll of teleportation {unknown}
 h - a scroll of torment {unknown}
 i - a scroll of revelation {unknown}
Potions
 d - a potion of might
 g - a potion of heal wounds {unknown}


   Skills:
 + Level 4.4 Fighting
 - Level 2.0 Axes
 * Level 1.5 Armour
 - Level 2.6 Dodging
 - Level 2.6 Shields


You had one spell level left.
You didn't know any spells.
Your spell library was empty.

Dungeon Overview and Level Annotations

Branches:
Dungeon (1/15)

Altars:


Innate Abilities, Weirdness & Mutations

You are too large for most types of armour.
You have a pair of small horns on your head.
You have tough skin. (AC +1)
You gain doubled healing and magic from potions.
Whenever you drink a healing potion, you attack all around you.


Message History

You slash the jackal!
You kill the jackal!
Things that are here:
a jackal corpse; a jackal corpse
i - a scroll labelled GUKLEMERUG You now have 29 gold pieces (gained 4).
Found a stone staircase leading down.
Found a hand axe.
Found a hand axe.
Found a pair of boots.
A quokka comes into view.
A quokka is nearby!
A quokka is nearby!
A quokka is nearby!
The quokka barely misses you.
You barely miss the quokka.
The quokka bites you but does no damage. x2
You barely miss the quokka. Your headbutt misses the quokka.
The quokka bites you. x2
You barely miss the quokka. You headbutt the quokka.
You kill the quokka!
You see here a quokka corpse.
You enter the shallow water.
A frilled lizard comes into view.
The frilled lizard hisses angrily.
You see here a +0 pair of boots.
j - a +0 pair of boots You see here a quokka corpse.
A frilled lizard is nearby!
You can't go up here!
The frilled lizard bites you but does no damage.
The frilled lizard bites you but does no damage.
You block the frilled lizard's attack.
The frilled lizard bites you but does no damage.
You hit the frilled lizard.
You kill the frilled lizard!
You see here a quokka corpse.
You see here a quokka corpse.
There is a staircase leading out of the dungeon here.
You have escaped!

...######.##...P.P...# #.......#
........#.##..P#~#P..# #.......#
........#.##..##~##.## #.......##
..........##..~~~~~.## #.........
..........##..##~##..# #.........
......^...##..P#~#P..###.........
...............P.P...............
.........#.#........#.########...
######..........@.....# #...
###.#.###..........# #>..
####...........P.P..### #...
.......#.###..P#~#P.# ##.#
..............##~##.# #.#
......##.####.~~~~~.# ##### #..
......##.# #.##~##.# #...# #..
......##.# #~#P.# #...# ###
......##.### P. ..# #...#


There were no monsters in sight!

Vanquished Creatures
  A dart slug (D:1)
  2 endoplasms (D:1)
  A goblin (D:1)
  5 jackals (D:1)
  A quokka (D:1)
  A frilled lizard (D:1)
  4 rats (D:1)
15 creatures vanquished.

Notes
Turn   | Place    | Note
-------+----------+-------------------------------------------
     0 | D:1      | lonewolfV2 the Oni Fighter began the quest for the Orb.
     0 | D:1      | Reached XP level 1. HP: 24/24 MP: 1/1
    69 | D:1      | Reached skill level 1 in Armour
    70 | D:1      | Reached XP level 2. HP: 30/32 MP: 2/2
   375 | D:$      | Got out of the dungeon alive.

Illustrated notes

Levels and vault maps discovered:
D:1:      eino_arrival_water_cross, layout_basic, minivault_14,
          wander_ebering_terrifying_dragon_lair

Skill      XL: |  1 |
---------------+----+-----
Armour         | 1 |  1.5
Fighting       | |  4.4
Axes           | |  2.0
Dodging        | |  2.6
Shields        | |  2.6

Action                     || total
---------------------------++-------
  Melee: War axe           ||    23
         Headbutt          ||     5
 Armour: Fire dragon scale ||    40
         Robe              ||     1
  Dodge: Dodged            ||    21
  Block: Kite shield       ||    19
